AoeStats
← bullseyes

Nomad

505832938Analyzed
4v4 RM · 22d ago on Sep 11, 2026· 37m 54s· 8 players
Game mode
Random Map
Map size
231×231
Population
200
Speed
Normal
Resources
Standard
Victory
Conquest
Starting age
Dark Age
Ending age
Imperial Age
RankedLock teamsTeams togetherTeam positionsShared explorationLock speedFull tech treeHidden civsTurbo modeCheats
Victory
Defeat
🇨🇿 Chinese · Czechia
1921
+2
🇬🇧 Muisca · United Kingdom
1735
+6
🇨🇳 Maya · China
1701
+6
🇧🇪 Vikings · Belgium
1608
+8
🇨🇳 Spanish · China
1500
-6
🇭🇰 Tupi · Hong Kong SAR China
1477
-6
🇩🇪 Vietnamese · Germany
1451
-5
1439
-5
儒门大吊-日食
5:10 Loom
13:23 Feudal Age
17:03 Castle Age
16:05 Double-Bit Axe
16:12 Gold Mining
18:15 Fishing Lines
18:46 Fletching
25:21 Ballistics
28:37 Bodkin Arrow
34:34 Padded Archer Armor
Velky kanec
3:26 Loom
13:35 Feudal Age
17:08 Castle Age
16:43 Fletching
17:21 Double-Bit Axe
17:59 Town Watch
18:27 Bow Saw
18:08 Fishing Lines
20:01 Gillnets
20:37 Bodkin Arrow
22:31 Padded Archer Armor
23:50 Ballistics
23:29 Gold Mining
23:50 Horse Collar
25:04 Thumb Ring
26:03 Thumb Ring
27:48 Wheelbarrow
30:58 Imperial Age
30:31 Stone Mining
31:18 Bloodlines
31:41 Bracer
31:19 Heavy Cavalry Archer
33:49 Husbandry
35:50 Capped Ram
36:58 Leather Archer Armor
38:22 Conscription
bullseyes
10:24 Loom
13:55 Feudal Age
17:32 Castle Age
15:20 Double-Bit Axe
16:10 Gold Mining
16:43 Fishing Lines
17:00 Fletching
18:13 Bodkin Arrow
18:36 Town Watch
19:22 Gillnets
20:20 Bow Saw
23:35 Town Watch
24:43 Horse Collar
28:40 Gold Shaft Mining
27:56 Stone Mining
28:48 Crossbowman
30:43 Ballistics
33:54 Imperial Age
34:49 Bracer
34:51 Padded Archer Armor
36:03 Chemistry
38:42 Conscription
38:42 Leather Archer Armor
Torpedo
12:40 Feudal Age
13:44 Loom
13:45 Town Watch
15:28 Double-Bit Axe
19:56 Castle Age
18:39 Fishing Lines
21:28 Bow Saw
21:41 Stone Mining
22:27 Wheelbarrow
22:13 Fletching
22:26 Gillnets
23:33 Bodkin Arrow
23:31 Gold Mining
24:00 Medium Warships
25:19 Padded Archer Armor
25:19 Horse Collar
30:48 Ballistics
34:07 Imperial Age
31:55 Leather Archer Armor
32:50 Hand Cart
34:19 Heavy Plow
34:56 Gold Shaft Mining
34:56 Stone Shaft Mining
34:36 Masonry
35:09 Bracer
36:45 Chemistry
36:16 Siege Engineers
35:41 Elite Guecha Warrior
37:01 Treadmill Crane
37:45 Conscription
Sakmelo
7:27 Loom
13:15 Feudal Age
17:11 Castle Age
16:19 Double-Bit Axe
16:24 Gold Mining
18:42 Fletching
24:10 Bodkin Arrow
27:43 Ballistics
36:32 Imperial Age
35:22 Bow Saw
35:01 Horse Collar
35:50 Padded Archer Armor
36:26 Wheelbarrow
37:26 Bracer
66875234
5:03 Loom
13:34 Feudal Age
14:36 Town Watch
15:06 Double-Bit Axe
17:26 Castle Age
16:05 Horse Collar
18:19 Bow Saw
19:10 Gold Mining
19:42 Padded Archer Armor
23:44 Leather Archer Armor
29:09 Wheelbarrow
29:13 Bloodlines
38:22 Imperial Age
36:56 Hand Cart
轻绘梨花泪满衣
5:03 Loom
14:08 Feudal Age
14:50 Double-Bit Axe
17:39 Castle Age
15:45 Scale Barding Armor
15:41 Fishing Lines
17:33 Stone Mining
17:37 Gold Mining
17:58 Forging
18:33 Medium Warships
19:46 Wheelbarrow
19:03 Gillnets
22:19 Bloodlines
22:09 Husbandry
26:31 Chain Barding Armor
28:17 Iron Casting
37:11 Horse Collar
Tsunade
6:07 Loom
14:20 Feudal Age
15:48 Town Watch
18:28 Castle Age
16:14 Double-Bit Axe
16:10 Horse Collar
18:28 Stone Mining
20:24 Bow Saw
24:19 Wheelbarrow
30:49 Imperial Age
28:57 Fletching
30:05 Gold Mining
30:12 Bodkin Arrow
30:20 Padded Archer Armor
32:36 Chemistry
33:13 Bracer
33:29 Leather Archer Armor
35:49 Ring Archer Armor
36:24 Hand Cart
38:07 Two-Man Saw
Connection lost

Rejoining the realm…

Still unreachable

The connection could not be restored.

Session expired

The server has moved on; the page needs a fresh start.